TOP OF THE 1ST |
Stanford University Cardinal batting - Pitching for Rice University Owls : LHP Tyler MacLean
|
Pitching: LHP Tyler MacLean
|
|
Batting: LHB Ivan Alvarez
|
0-0: Hit by Pitch
|
Batting: RHB Alejandro Gomez
|
0-0: Called Strike 0-1: Foul Ball, location: 2F 0-2: Strikes out looking
|
Batting: RHB Tim Dower
|
0-0: Ball 1-0: Foul Ball, location: 2F 1-1: Grounds into double play, 6-4-3 (Groundball, 6, EV 89.4 MPH)
|
Top of the 1st over - 0 runs, 0 hits, 0 errors, 0 left on base; Stanford University 0 - Rice University 0 |
BOTTOM OF THE 1ST |
Rice University Owls batting - Pitching for Stanford University Cardinal : RHP Jose Duran
|
Pitching: RHP Jose Duran
|
|
Batting: LHB Kazuyoshi Ikeda
|
0-0: Ground out 3-1 (Groundball, 34, EV 95.0 MPH)
|
Batting: RHB Jordan Dugue
|
0-0: Foul Ball, location: 2F 0-1: Ground out 6-3 (Groundball, 6, EV 79.4 MPH)
|
Batting: LHB Travis Hahn
|
0-0: SINGLE (Flyball, 56D, EV 88.8 MPH)
|
Batting: LHB Pedro Garza
|
0-0: Ball 1-0: Called Strike 1-1: Ground out U3 (Groundball, 3, EV 83.1 MPH)
|
Bottom of the 1st over - 0 runs, 1 hit, 0 errors, 1 left on base; Stanford University 0 - Rice University 0 |
TOP OF THE 2ND |
Stanford University Cardinal batting - Pitching for Rice University Owls : LHP Tyler MacLean
|
Batting: RHB Jorge Lagunas
|
0-0: Fly out, F8 (Flyball, 78S, EV 80.0 MPH)
|
Batting: LHB Carlos Palau
|
0-0: Fly out, F8 (Line Drive, 8RM, EV 98.1 MPH)
|
Batting: RHB Joselito Santos
|
0-0: Called Strike 0-1: Fly out, F4 (Flyball, 34D, EV 87.5 MPH)
|
Top of the 2nd over - 0 runs, 0 hits, 0 errors, 0 left on base; Stanford University 0 - Rice University 0 |
BOTTOM OF THE 2ND |
Rice University Owls batting - Pitching for Stanford University Cardinal : RHP Jose Duran
|
Batting: SHB Shawnie Codbucket
|
0-0: Ball 1-0: Ball 2-0: Ball 3-0: Base on Balls
|
Batting: RHB Logan Johnson
|
0-0: Foul Ball, location: 2F 0-1: Ball 1-1: Ball 2-1: Ball 3-1: Grounds into double play, 4-6-3 (Groundball, 4, EV 105.6 MPH)
|
Batting: RHB Jeff Buchanan
|
0-0: Fly out, F8 (Flyball, 8LXD, EV 108.1 MPH)
|
Bottom of the 2nd over - 0 runs, 0 hits, 0 errors, 0 left on base; Stanford University 0 - Rice University 0 |
TOP OF THE 3RD |
Stanford University Cardinal batting - Pitching for Rice University Owls : LHP Tyler MacLean
|
Batting: LHB Oscar Tamayo
|
0-0: Called Strike 0-1: Ball 1-1: Called Strike 1-2: Ball 2-2: Foul Ball, location: 2F 2-2: Ball 3-2: Strikes out swinging
|
Batting: RHB Eddie Luna
|
0-0: Ball 1-0: Foul Ball, location: 2F 1-1: Ball 2-1: Swinging Strike 2-2: Fly out, F5 (Line Drive, 5, EV 65.6 MPH)
|
Batting: RHB Yok-sing Zhào
|
0-0: Ball 1-0: Foul Ball, location: 2F 1-1: Called Strike 1-2: Ball 2-2: Ball 3-2: Foul Ball, location: 2F 3-2: Base on Balls
|
Batting: LHB Ivan Alvarez
|
0-0: Fly out, F6 (Flyball, 56D, EV 88.8 MPH)
|
Top of the 3rd over - 0 runs, 0 hits, 0 errors, 1 left on base; Stanford University 0 - Rice University 0 |
BOTTOM OF THE 3RD |
Rice University Owls batting - Pitching for Stanford University Cardinal : RHP Jose Duran
|
Batting: RHB Yasutaka Yamasaki
|
0-0: Foul Ball, location: 2F 0-1: Ball 1-1: Ball 2-1: Ball 3-1: Foul Ball, location: 2F 3-2: SINGLE (Groundball, 6D, EV 106.2 MPH)
|
Batting: RHB Nhat Phong
|
0-0: Swinging Strike 0-1: Swinging Strike 0-2: Ball 1-2: Strikes out swinging
|
Batting: LHB Kazuyoshi Ikeda
|
0-0: Ball 1-0: Foul Ball, location: 2F 1-1: Ball 2-1: Foul Ball, location: 2F 2-2: Fly out, F8 (Flyball, 8LXD, EV 96.9 MPH)
|
Batting: RHB Jordan Dugue
|
0-0: Ball 1-0: Swinging Strike 1-1: Ball 2-1: SINGLE (Flyball, 89S, EV 87.5 MPH) Yasutaka Yamasaki to second Runner from 2nd tries for 3rd, SAFE, throw by CF made to third
|
Batting: LHB Travis Hahn
|
0-0: Called Strike 0-1: Called Strike 0-2: Ball 1-2: SINGLE (Line Drive, 78S, EV 92.5 MPH) Yasutaka Yamasaki scores Jordan Dugue to second
|
Batting: LHB Pedro Garza
|
0-0: SINGLE (Groundball, 34D, EV 95.6 MPH) Jordan Dugue to third Travis Hahn to second Runner from 3rd tries for Home, SAFE, throw by RF to home
|
Batting: SHB Shawnie Codbucket
|
0-0: Called Strike 0-1: Swinging Strike 0-2: Fly out, F4 (Popup, 34D, EV 63.1 MPH)
|
Bottom of the 3rd over - 2 runs, 4 hits, 0 errors, 2 left on base; Stanford University 0 - Rice University 2 |
TOP OF THE 4TH |
Stanford University Cardinal batting - Pitching for Rice University Owls : LHP Tyler MacLean
|
Batting: RHB Alejandro Gomez
|
0-0: Swinging Strike 0-1: Ground out 1-3 (Groundball, 15S, EV 70.0 MPH)
|
Batting: RHB Tim Dower
|
0-0: Called Strike 0-1: Ball 1-1: Fly out, F7 (Line Drive, 8LM, EV 96.2 MPH)
|
Batting: RHB Jorge Lagunas
|
0-0: Fly out, F4 (Popup, 4S, EV 62.5 MPH)
|
Top of the 4th over - 0 runs, 0 hits, 0 errors, 0 left on base; Stanford University 0 - Rice University 2 |
BOTTOM OF THE 4TH |
Rice University Owls batting - Pitching for Stanford University Cardinal : RHP Jose Duran
|
Batting: RHB Logan Johnson
|
0-0: Called Strike 0-1: Ball 1-1: Ball 2-1: Foul Ball, location: 2F 2-2: Ball 3-2: Fly out, F6 (Popup, 6MD, EV 64.4 MPH)
|
Batting: RHB Jeff Buchanan
|
0-0: Called Strike 0-1: Ball 1-1: Ball 2-1: Ball 3-1: Foul Ball, location: 2F 3-2: Fly out, F7 (Flyball, 78XD, EV 98.8 MPH)
|
Batting: RHB Yasutaka Yamasaki
|
0-0: Fly out, F8 (Flyball, 8RM, EV 98.8 MPH)
|
Bottom of the 4th over - 0 runs, 0 hits, 0 errors, 0 left on base; Stanford University 0 - Rice University 2 |
TOP OF THE 5TH |
Stanford University Cardinal batting - Pitching for Rice University Owls : LHP Tyler MacLean
|
Batting: LHB Carlos Palau
|
0-0: Ball 1-0: Called Strike 1-1: Foul Ball, location: 2F 1-2: Foul Ball, location: 2F 1-2: Ball 2-2: Foul Ball, location: 2F 2-2: Ball 3-2: Ground out 4-3 (Groundball, 4S, EV 70.0 MPH)
|
Batting: RHB Joselito Santos
|
0-0: Foul Ball, location: 2F 0-1: Foul Ball, location: 2F 0-2: Ball 1-2: Strikes out swinging
|
Batting: LHB Oscar Tamayo
|
0-0: Ball 1-0: Ball 2-0: Called Strike 2-1: Swinging Strike 2-2: Ball 3-2: Foul Ball, location: 2F 3-2: Foul Ball, location: 2F 3-2: Foul Ball, location: 2F 3-2: Base on Balls
|
Batting: RHB Eddie Luna
|
0-0: Ball 1-0: Foul Ball, location: 2F 1-1: DOUBLE (Line Drive, 3D, EV 104.4 MPH) Oscar Tamayo to third
|
Batting: RHB Yok-sing Zhào
|
0-0: Fly out, F7 (Flyball, 7, EV 93.1 MPH)
|
Top of the 5th over - 0 runs, 1 hit, 0 errors, 2 left on base; Stanford University 0 - Rice University 2 |
BOTTOM OF THE 5TH |
Rice University Owls batting - Pitching for Stanford University Cardinal : RHP Jose Duran
|
Batting: RHB Nhat Phong
|
0-0: Ball 1-0: Fly out, F8 (Flyball, 8LS, EV 92.5 MPH)
|
Batting: LHB Kazuyoshi Ikeda
|
0-0: Ball 1-0: Foul Ball, location: 2F 1-1: Foul Ball, location: 2F 1-2: Ball 2-2: Ball 3-2: Ground out 4-3 (Groundball, 4, EV 85.6 MPH)
|
Batting: RHB Jordan Dugue
|
0-0: Called Strike 0-1: Foul Ball, location: 2F 0-2: SINGLE (Flyball, 3D, EV 93.8 MPH)
|
Batting: LHB Travis Hahn
|
0-0: SINGLE (Line Drive, 7S, EV 93.8 MPH) Jordan Dugue to second
|
Batting: LHB Pedro Garza
|
0-0: Called Strike 0-1: Ball 1-1: 3-RUN HOME RUN (Flyball, 7LD, EV 96.9 MPH), Distance : 348 ft
|
Pitching: RHP Jim Morse
|
|
Batting: SHB Shawnie Codbucket
|
0-0: Ball 1-0: Foul Ball, location: 2F 1-1: Fly out, F8 (Flyball, 8LD, EV 95.6 MPH)
|
Bottom of the 5th over - 3 runs, 3 hits, 0 errors, 0 left on base; Stanford University 0 - Rice University 5 |
TOP OF THE 6TH |
Stanford University Cardinal batting - Pitching for Rice University Owls : LHP Tyler MacLean
|
Batting: LHB Ivan Alvarez
|
0-0: Ball 1-0: DOUBLE (Line Drive, 7LS, EV 107.5 MPH)
|
Batting: RHB Alejandro Gomez
|
0-0: Ball 1-0: Swinging Strike 1-1: Called Strike 1-2: Foul Ball, location: 2F 1-2: Ball 2-2: Strikes out swinging
|
Batting: RHB Tim Dower
|
0-0: Called Strike 0-1: Fly out, F4 (Popup, 3S, EV 77.5 MPH)
|
Batting: RHB Jorge Lagunas
|
0-0: Ball 1-0: Foul Ball, location: 2F 1-1: SINGLE (Line Drive, 9LS, EV 111.2 MPH) Ivan Alvarez to third Runner from 3rd tries for Home, SAFE, throw by RF to home Jorge Lagunas to second
|
Batting: LHB Carlos Palau
|
0-0: Called Strike 0-1: Foul Ball, location: 2F 0-2: DOUBLE (Line Drive, 78D, EV 101.2 MPH) Jorge Lagunas scores
|
Batting: RHB Joselito Santos
|
0-0: Ball 1-0: Fly out, F9 (Flyball, 9, EV 72.5 MPH)
|
Top of the 6th over - 2 runs, 3 hits, 0 errors, 1 left on base; Stanford University 2 - Rice University 5 |
BOTTOM OF THE 6TH |
Rice University Owls batting - Pitching for Stanford University Cardinal : RHP Jim Morse
|
Batting: RHB Logan Johnson
|
0-0: Called Strike 0-1: Foul Ball, location: 2F 0-2: Ball 1-2: Ball 2-2: SINGLE (Flyball, 4MD, EV 99.4 MPH)
|
Batting: RHB Jeff Buchanan
|
0-0: Ball 1-0: Fly out, F9 (Flyball, 89M, EV 84.4 MPH)
|
Batting: RHB Yasutaka Yamasaki
|
0-0: Fly out, F9 (Flyball, 9S, EV 94.4 MPH)
|
Batting: RHB Nhat Phong
|
0-0: Called Strike 0-1: Ball 1-1: Ball 2-1: Called Strike 2-2: Strikes out swinging
|
Bottom of the 6th over - 0 runs, 1 hit, 0 errors, 1 left on base; Stanford University 2 - Rice University 5 |
TOP OF THE 7TH |
Stanford University Cardinal batting - Pitching for Rice University Owls : LHP Tyler MacLean
|
Pitching: RHP J.P. Tesauro
|
|
Batting: LHB Oscar Tamayo
|
0-0: Called Strike 0-1: Ball 1-1: Ball 2-1: Swinging Strike 2-2: Ball 3-2: Strikes out swinging
|
Batting: RHB Eddie Luna
|
0-0: Called Strike 0-1: Fly out, F8 (Flyball, 8RD, EV 91.2 MPH)
|
Batting: RHB Yok-sing Zhào
|
0-0: Ball 1-0: Foul Ball, location: 2F 1-1: Ball 2-1: Ground out 4-3 (Groundball, 4, EV 84.4 MPH)
|
Top of the 7th over - 0 runs, 0 hits, 0 errors, 0 left on base; Stanford University 2 - Rice University 5 |
BOTTOM OF THE 7TH |
Rice University Owls batting - Pitching for Stanford University Cardinal : RHP Jim Morse
|
Batting: LHB Kazuyoshi Ikeda
|
0-0: Foul Ball, location: 2F 0-1: Ball 1-1: Ball 2-1: Foul Ball, location: 2F 2-2: Ball 3-2: Fly out, F8 (Flyball, 8LM, EV 96.2 MPH)
|
Batting: RHB Jordan Dugue
|
0-0: Called Strike 0-1: Fly out, F8 (Flyball, 8LS, EV 81.2 MPH)
|
Batting: LHB Travis Hahn
|
0-0: Ball 1-0: Called Strike 1-1: SOLO HOME RUN (Flyball, 7LD, EV 98.8 MPH), Distance : 353 ft
|
Batting: LHB Pedro Garza
|
0-0: Called Strike 0-1: Ball 1-1: Ball 2-1: Ball 3-1: Base on Balls
|
Pitching: RHP Jonathon Gehl
|
|
Batting: SHB Shawnie Codbucket
|
0-0: Ground out 4-3 (Groundball, 34D, EV 91.9 MPH)
|
Bottom of the 7th over - 1 run, 1 hit, 0 errors, 1 left on base; Stanford University 2 - Rice University 6 |
TOP OF THE 8TH |
Stanford University Cardinal batting - Pitching for Rice University Owls : RHP J.P. Tesauro
|
Batting: LHB Ivan Alvarez
|
0-0: Ball 1-0: Ball 2-0: Ball 3-0: Called Strike 3-1: Fly out, F7 (Flyball, 7LD, EV 93.1 MPH)
|
Batting: RHB Alejandro Gomez
|
0-0: Foul Ball, location: 2F 0-1: Foul Ball, location: 2F 0-2: Ball 1-2: Ball 2-2: Ball 3-2: Strikes out swinging
|
Batting: RHB Tim Dower
|
0-0: Called Strike 0-1: Fly out, F6 (Flyball, 56D, EV 82.5 MPH)
|
Top of the 8th over - 0 runs, 0 hits, 0 errors, 0 left on base; Stanford University 2 - Rice University 6 |
BOTTOM OF THE 8TH |
Rice University Owls batting - Pitching for Stanford University Cardinal : RHP Jonathon Gehl
|
Batting: RHB Logan Johnson
|
0-0: Ball 1-0: Swinging Strike 1-1: Foul Ball, location: 2F 1-2: Ball 2-2: Foul Ball, location: 2F 2-2: Ball 3-2: Ground out 6-3 (Groundball, 6, EV 86.2 MPH)
|
Batting: RHB Jeff Buchanan
|
0-0: Foul Ball, location: 2F 0-1: Called Strike 0-2: Foul Ball, location: 2F 0-2: Ball 1-2: Ball 2-2: Ground out 4-3 (Groundball, 4D, EV 102.5 MPH)
|
Batting: RHB Yasutaka Yamasaki
|
0-0: Ball 1-0: Foul Ball, location: 2F 1-1: Foul Ball, location: 2F 1-2: Fly out, F4 (Popup, 4D, EV 43.8 MPH)
|
Bottom of the 8th over - 0 runs, 0 hits, 0 errors, 0 left on base; Stanford University 2 - Rice University 6 |
TOP OF THE 9TH |
Stanford University Cardinal batting - Pitching for Rice University Owls : RHP J.P. Tesauro
|
Pitching: LHP Ken Cromsie
|
|
Batting: RHB Jorge Lagunas
|
0-0: Ball 1-0: DOUBLE (Line Drive, 89XD, EV 111.9 MPH)
|
Pinch Hitting: SHB Rich Hood
|
0-0: Called Strike 0-1: Ball 1-1: Foul Ball, location: 2F 1-2: Ball 2-2: Strikes out swinging
|
Batting: RHB Joselito Santos
|
0-0: Foul Ball, location: 2F 0-1: Ball 1-1: SINGLE (Line Drive, 89M, EV 99.4 MPH) Jorge Lagunas to third
|
Pitching: RHP Terry Newitt
|
|
Batting: LHB Oscar Tamayo
|
0-0: Called Strike 0-1: Fly out, F8 (Flyball, 8RM, EV 91.2 MPH)
|
Pinch Hitting: RHB Amare Brown
|
0-0: Ball Passed Ball! Jorge Lagunas scores Joselito Santos to second 1-0: Called Strike 1-1: Called Strike 1-2: Strikes out looking
|
Top of the 9th over - 1 run, 2 hits, 0 errors, 1 left on base; Stanford University 3 - Rice University 6 |
|